 Dungeon Crawl Stone Soup version 0.28.0-53-g5a82cb258f (webtiles) character file.

Game seed: 6911514965950526578

100 Descartes the Shield-Bearer (level 5, -1/42 HPs)
             Began as a Formicid Fighter on Aug 15, 2022.
             Was an Initiate of Gozag.
             Slain by a black bear (3 damage)
             ... on level 3 of the Dungeon.
             The game lasted 00:02:42 (2620 turns).

Descartes the Shield-Bearer (Formicid Fighter)      Turns: 2620, Time: 00:02:42

Health: -1/42      AC:  7    Str: 21    XL:     5   Next: 3%
Magic:  5/5        EV:  9    Int:  9    God:    Gozag
Gold:   171        SH:  4    Dex: 10    Spells: 4/4 levels left

rFire   . . .      SeeInvis +   a - +0 war axe
rCold   . . .      Faith    .   c - +0 buckler
rNeg    . . .      Spirit   .   b - +0 scale mail
rPois   .          Reflect  .   (helmet unavailable)
rElec   .          Harm     .   (no cloak)
rCorr   .          Rampage  .   (no gloves)
Will    .....                   (no boots)
Stlth   ..........              (no amulet)
HPRegen 0.14/turn               (no ring)
MPRegen 0.09/turn               (no ring)

@: no status effects
A: permanent stasis, dig shafts and tunnels, antennae 3, four strong arms
a: Dig, Shaft Self, Renounce Religion, Potion Petition, Call Merchant, Bribe
Branch


You were on level 3 of the Dungeon.
You worshipped Gozag.
Gozag was aware of your devotion.
You visited 1 branch of the dungeon, and saw 3 of its levels.

You collected 173 gold pieces.
You paid 2 gold pieces to Gozag.

Inventory:

Hand Weapons
 a - a +0 war axe (weapon)
Missiles
 k - 112 arrows
 l - 13 stones
 m - 26 bolts
 q - 2 poisoned darts
Armour
 b - a +0 scale mail (worn)
 c - a +0 buckler (worn)
Jewellery
 e - an amulet of regeneration
Scrolls
 f - a scroll of summoning {unknown}
 g - 2 scrolls of identify {unknown}
 h - a scroll of fog {unknown}
 i - 4 scrolls of teleportation {unknown}
 n - a scroll of acquirement {unknown}
 o - 2 scrolls of vulnerability {unknown}
Potions
 d - a potion of might
 j - a potion of heal wounds {unknown}
 p - a potion of invisibility {unknown}


   Skills:
 + Level 3.7 Fighting
 + Level 2.6(2.9) Axes
 + Level 1.2(2.1) Maces & Flails
 + Level 1.1(2.1) Polearms
 + Level 3.8 Armour
 + Level 4.0 Shields
 + Level 1.2 Translocations


You had 4 spell levels left.
You didn't know any spells.
Your spell library contained the following spells:

 Spells                   Type           Power      Damage    Failure   Level
 Pain                     Necr           0%         1d4       78%         1
 Agony                    Necr           0%         N/A       100%        5
 Excruciating Wounds      Necr           0%         N/A       100%        5


Dungeon Overview and Level Annotations

Branches:
Dungeon (3/15)

Altars:
Gozag


Innate Abilities, Weirdness & Mutations

You cannot be hasted, slowed, berserked, paralysed or teleported.
You can dig through walls and to a lower floor.
You have a pair of large antennae on your head. (SInv)
Your four strong arms can wield two-handed weapons with a shield.


Message History

The black bear closely misses you. The black bear claws you.
The black bear closely misses you.
You barely miss the black bear.
The black bear is lightly wounded.
The black bear bites you. The black bear misses you.
You block the black bear's attack. x2
The black bear claws you but does no damage.
The black bear closely misses you.
You slash the black bear!
The black bear is heavily wounded.
The black bear bites you but does no damage.
The black bear barely misses you. x2
You hit the black bear.
The black bear is severely wounded.
The black bear bites you.
The black bear claws you but does no damage. x2
You hit the black bear.
The black bear is almost dead.
The black bear bites you but does no damage.
You block the black bear's attack.
The black bear claws you but does no damage.
The black bear bites you but does no damage.
The black bear claws you but does no damage. x2
You closely miss the black bear.
The black bear is almost dead.
The black bear goes berserk!
You barely miss the black bear.
The black bear is almost dead.
You block the black bear's attack. The black bear claws you. x2
The black bear bites you! You block the black bear's attack.
The black bear barely misses you. The black bear bites you!
* * * LOW HITPOINT WARNING * * *
The black bear claws you but does no damage.
The black bear claws you.
* * * LOW HITPOINT WARNING * * *
You barely miss the black bear.
The black bear is almost dead.
The black bear barely misses you. The black bear claws you.
You die...
Your body crumbles into a pile of gold.

#########
#.......#
#.......##+###
.............#
......h......#
.......@.....#
....>........#
.............+
.............#####
#....!..####.....#
#.......# #.###.#
#........ ...#<..#
#............#####
#####.......+


You could see a black bear (berserk).

Vanquished Creatures
  3 adders (D:2)
  A worm (D:2)
  3 dart slugs
  5 endoplasms
  3 giant cockroaches
  4 hobgoblins
  3 jackals (D:2)
  4 quokkas
  7 ball pythons
  5 bats
  A frilled lizard (D:1)
  10 goblins
  4 kobolds (D:1)
  8 rats
61 creatures vanquished.

Notes
Turn   | Place    | Note
-------+----------+-------------------------------------------
     0 | D:1      | Descartes the Formicid Fighter began the quest for the Orb.
     0 | D:1      | Reached XP level 1. HP: 18/18 MP: 1/1
   369 | D:1      | Reached XP level 2. HP: 18/19 MP: 2/2
   782 | D:1      | Reached XP level 3. HP: 19/28 MP: 3/3
  1067 | D:1      | Found a faded altar of an unknown god.
  1271 | D:1      | Reached skill level 1 in Maces & Flails
  1712 | D:2      | Found an opulent altar of Gozag.
  1723 | D:2      | Became a worshipper of Gozag Ym Sagoz the Greedy
  1727 | D:2      | Reached skill level 1 in Translocations
  1857 | D:2      | Reached XP level 4. HP: 35/35 MP: 4/4
  2019 | D:2      | Reached skill level 1 in Polearms
  2136 | D:2      | Reached skill level 4 in Shields
  2400 | D:2      | Reached XP level 5. HP: 42/42 MP: 5/5
  2608 | D:3      | Noticed a black bear
  2619 | D:3      | HP: 2/42 [black bear (5)]
  2620 | D:3      | Slain by a black bear

Illustrated notes

Levels and vault maps discovered:
D:1:      dpeg_arrival_rooms_a, layout_loops_corners,
          chequers_ecumenical_altar_simple_redux
D:2:      layout_loops_ring, basic_altar, roderic_roman_lattice
D:3:      layout_basic

Skill      XL: |  1  2  3  4 |
---------------+-------------+-----
Maces & Flails | 1 |  1.2
Translocations | 1 |  1.2
Polearms       | 1 |  1.1
Shields        | 4 |  4.0
Fighting       | |  3.7
Axes           | |  2.6
Armour         | |  3.8

Action                   |  1- 3 |  4- 6 || total
-------------------------+-------+-------++-------
Melee: War axe           |   111 |    74 ||   185
Armor: Scale mail        |    44 |    42 ||    86
Dodge: Dodged            |    70 |    41 ||   111
Block: Buckler           |    24 |    23 ||    47
